 Dungeon Crawl Stone Soup version 0.23-a0-180-ga5275e7 (webtiles) character file.

606 Amnesiac the Grave Robber (level 7, -23/52 HPs)
             Began as a Mummy Monk on Sept 18, 2018.
             Was an Initiate of Sif Muna.
             Annihilated by Menkaure (24 damage)
             ... on level 4 of the Dungeon.
             The game lasted 00:13:29 (6018 turns).

Amnesiac the Grave Robber (Mummy Monk)              Turns: 6018, Time: 00:13:29

Health: -23/52     AC:  5    Str: 14    XL:     7   Next: 19%
Magic:  14/14      EV: 13    Int: 11    God:    Sif Muna [......]
Gold:   183        SH:  0    Dex: 15    Spells: 6/16 levels left

rFire    . . .     SeeInvis .   a - +0 glaive
rCold    + . .     Gourm    .   (shield currently unavailable)
rNeg     + + +     Faith    .   g - +0 robe {rF+}
rPois    ∞         Spirit   .   f - +2 helmet
rElec    .         Reflect  .   (no cloak)
rCorr    .         Harm     .   (no gloves)
MR       .....                  (no boots)
Stlth    ++........             (no amulet)
HPRegen  0.17/turn              (no ring)
MPRegen  0.14/turn              (no ring)

@: no status effects
A: no food or potions, fire vulnerability, cold resistance 1, negative energy
resistance 3, torment resistance, unbreathing
a: Renounce Religion


You were on level 4 of the Dungeon.
You worshipped Sif Muna.
Sif Muna was noncommittal.
You were not hungry.

You visited 2 branches of the dungeon, and saw 6 of its levels.

You collected 183 gold pieces.

Inventory:

Hand Weapons
 a - a +0 glaive (weapon)
 i - a +0 short sword
Armour
 e - a +1 robe of magic resistance
 f - a +2 helmet (worn)
 g - a +0 robe of fire resistance (worn)
Scrolls
 b - 4 scrolls of teleportation {!r}
 c - 2 scrolls of noise {!r}
 d - a scroll of fog {!r}
 h - 2 scrolls of remove curse {!r}
 j - a scroll of immolation {!r, unknown}
 k - a scroll of identify {!r}


   Skills:
 - Level 3.1 Fighting
 - Level 2.4 Short Blades
 - Level 2.6 Dodging
 - Level 1.5 Stealth
 + Level 5.0 Spellcasting
 * Level 6.0 Necromancy


You had 6 spell levels left.
You knew the following spells:

 Your Spells              Type           Power        Failure   Level  Hunger
a - Bolt of Draining      Conj/Necr      #.........   86%         5    N/A
d - Vampiric Draining     Necr           ###.......   5%          3    N/A
s - Corpse Rot            Necr           N/A          2%          2    N/A

Your spell library contained the following spells:

 Spells                   Type           Power        Failure   Level  Hunger
 Animate Skeleton         Necr           N/A          1%          1    N/A
 Pain                     Necr           ###.         1%          1    N/A
 Dispel Undead            Necr           ###.....     43%         5    N/A
 Borgnjor's Vile Clutch   Necr/Erth      #.........   86%         5    N/A
 Death Channel            Necr           ###.......   95%         6    N/A
 Simulacrum               Ice/Necr       #.........   100%        6    N/A

Dungeon Overview and Level Annotations

Branches:
Dungeon (5/15)             Temple (1/1) D:4

Altars:
Ashenzari
Elyvilon
Fedhas
Gozag
Kikubaaqudgha
Makhleb
Nemelex Xobeh
Okawaru
Qazlal
Ru
Sif Muna
Trog
Uskayaw
Vehumet
Wu Jian
Xom
Zin

Annotations:
D:4 Eustachio, Menkaure


Innate Abilities, Weirdness & Mutations

You do not eat or drink.
Your flesh is vulnerable to fire.
You are immune to poison.
Your flesh is cold resistant. (rC+)
You are immune to negative energy. (rN+++)
You are immune to unholy pain and torment.
You can survive without breathing.


Message History

You slash the orc!
You kill the orc!
Sif Muna accepts your kill.
No target in view!
No target in view!
There is an open door, spattered with blood here.
Magic restored.
The hobgoblin skeleton is too close now for your liking.
A hobgoblin skeleton is nearby!
A hobgoblin skeleton is nearby!
A hobgoblin skeleton is nearby!
Attack whom?
Press: ? - help, Dir - move target cursor, f - hobgoblin skeleton
Aim: a hobgoblin skeleton You reach to attack!
You barely miss the hobgoblin skeleton.
Attack whom?
Press: ? - help, Dir - move target cursor, f/p - hobgoblin skeleton
Aim: a hobgoblin skeleton You reach to attack!
You slice the hobgoblin skeleton!!
You destroy the hobgoblin skeleton!
That felt strangely unrewarding.
No target in view!
No target in view!
No target in view!
Things that are here:
a robe; a dagger; an orc skeleton You enter the shallow water.
Moving in this stuff is going to be slow.
The orc skeleton is too close now for your liking.
An orc skeleton is nearby!
An orc skeleton is nearby!
No target in view!
No target in view!
You slash the orc skeleton!
You destroy the orc skeleton!
That felt strangely unrewarding.
No target in view!
No target in view!
Things that are here:
a mace; a ring mail
Found a ration.
You see here a ration.
Menkaure, Prince of Dust comes into view.
Menkaure is nearby!
Menkaure shouts!
Attack whom?
Press: ? - help, Dir - move target cursor, f - Menkaure
Aim: Menkaure You reach to attack!
You completely miss Menkaure. You hit Menkaure.
Menkaure is lightly damaged.
Menkaure hits you!
Menkaure casts a spell.
Menkaure seems to speed up.
You hit Menkaure but do no damage.
Menkaure is lightly damaged.
Menkaure closely misses you. Menkaure hits you!
* * * LOW HITPOINT WARNING * * *
You slash Menkaure!
Menkaure is heavily damaged.
Menkaure hits you!!
* * * LOW HITPOINT WARNING * * *
Menkaure hits you!!
You die...

######.###.#######
# #.#.........#
######.#.#.#####.#
÷....#.#.#.###.#.#
####.#.#.#.....#.#
.# #.#.#.#####.#.#
.# #.#.#.#####.#.#
.# #.#.#.......#M#
.# #.#.#########@#
.# #.#......%....#
.# #.#############
.###.# .....#
######


You could see Menkaure.

Vanquished Creatures
  A sky beast (D:5)
  A phantom (D:4)
  An ogre (D:4)
  A scorpion (D:4)
  An orc priest (D:4)
  2 iguanas (D:4)
  2 worker ants
  4 adders
  2 adder skeletons (D:4)
  7 worms
  5 leopard geckos
  8 orcs
  5 giant cockroaches
  8 goblins
  12 hobgoblins
  11 jackals
  4 quokkas
  6 bats
  3 frilled lizards
  A giant cockroach zombie (D:4)
  A hobgoblin skeleton (D:4)
  11 kobolds
  An orc skeleton (D:4)
  9 rats
107 creatures vanquished.

Vanquished Creatures (others)
  An orc wizard (D:4)
  2 plants (D:4)
3 creatures vanquished.

Grand Total: 110 creatures vanquished

Notes
Turn   | Place    | Note
-------+----------+-------------------------------------------
     0 | D:1      | Amnesiac the Mummy Monk began the quest for the Orb.
     0 | D:1      | Reached XP level 1. HP: 18/18 MP: 1/1
    55 | D:2      | Found a white marble altar of Elyvilon.
   172 | D:4      | Found an ancient bone altar of Kikubaaqudgha.
   172 | D:4      | Found a blossoming altar of Fedhas.
   176 | D:4      | Became a worshipper of Kikubaaqudgha
   176 | D:4      | Reached * piety under Kikubaaqudgha
   176 | D:4      | Identified Kikubaaqudgha's Papyrus of Dark Rites
                  | (Kikubaaqudgha gifted it to you on level 4 of the Dungeon)
   176 | D:4      | Received a gift from Kikubaaqudgha
   176 | D:4      | Reached ** piety under Kikubaaqudgha
   288 | D:4      | Reached XP level 2. HP: 19/24 MP: 3/3
   296 | D:4      | Learned a level 2 spell: Corpse Rot
   427 | D:3      | Reached skill level 1 in Spellcasting
   559 | D:3      | Reached skill level 1 in Necromancy
   560 | D:3      | HP: 1/24 [orc/club (2)]
   875 | D:4      | Noticed a phantom
   902 | D:4      | Noticed an ogre
   903 | D:4      | Noticed a scorpion
  1223 | D:3      | Reached XP level 3. HP: 29/29 MP: 3/5
  1228 | D:3      | Learned a level 3 spell: Vampiric Draining
  1246 | D:2      | Found a stormy altar of Qazlal.
  1246 | D:2      | Found an ornate altar of the Wu Jian Council.
  1265 | D:3      | Reached skill level 2 in Necromancy
  2175 | D:1      | HP: 1/29 [jackal (2)]
  2454 | D:1      | Reached XP level 4. HP: 26/35 MP: 7/7
  2828 | D:2      | Noticed a phantom
  2936 | D:2      | Reached skill level 3 in Necromancy
  3085 | D:2      | Found an iron altar of Okawaru.
  3189 | D:2      | Found a sacrificial altar of Ru.
  3992 | D:3      | Found a deep blue altar of Sif Muna.
  3998 | D:3      | Reached *** piety under Kikubaaqudgha
  3998 | D:3      | Identified Kikubaaqudgha's Papyrus of Black Rites
                  | (Kikubaaqudgha gifted it to you on level 3 of the Dungeon)
  3998 | D:3      | Received a gift from Kikubaaqudgha
  4124 | D:4      | Reached XP level 5. HP: 26/41 MP: 2/9
  4514 | D:4      | Reached skill level 4 in Necromancy
  4666 | D:4      | Reached XP level 6. HP: 27/47 MP: 3/11
  4734 | D:4      | Learned a level 5 spell: Bolt of Draining
  4918 | D:4      | Reached skill level 5 in Necromancy
  5134 | D:4      | Found a staircase to the Ecumenical Temple.
  5155 | Temple   | Entered the Ecumenical Temple
  5400 | D:3      | Fell from the grace of Kikubaaqudgha
  5400 | D:3      | Became a worshipper of Sif Muna the Loreminder
  5520 | D:4      | Noticed Eustachio
  5564 | D:4      | Noticed a soul eater
  5598 | D:5      | Entered Level 5 of the Dungeon
  5778 | D:5      | Reached XP level 7. HP: 40/52 MP: 6/14
  5856 | D:5      | Noticed a soul eater
  5857 | D:5      | Reached skill level 5 in Spellcasting
  5857 | D:5      | Reached skill level 6 in Necromancy
  6013 | D:4      | Noticed Menkaure
  6018 | D:4      | HP: 1/52 [Menkaure (24)]
  6018 | D:4      | Annihilated by Menkaure

Vault maps used:
D:1:      wheals_arrival_shading, serial_glass, glass_columns_a,
          glass_columns_c, glass_columns_c, glass_columns_c, glass_columns_a,
          glass_columns_b
D:2:      elyvilon_altar_4, nicolae_overflow_hidden_temple,
          okawaru_ov_weapons_minmay, nicolae_ru_sacrificial_ziggurat
D:3:      marbit_many_paths
D:4:      grunt_temple_overflow_growth_and_decay,
          minmay_temple_entry_glassed_door, cheibrodos_sewer_entry_drain,
          serial_bayou_pond_c, grunt_ministairs_13, hex_tiny, uniq_menkaure,
          uniq_eustachio
D:5:      first_ration
Temple:   jpeg_temple_alley_garden

Skill      XL: |  1  2  3  4  5  6  7 |
---------------+----------------------+-----
Spellcasting   | 1 2 3 4 5 |  5.0
Necromancy     | 1 2 3 4 5 6 |  6.0
Fighting       | |  3.1
Short Blades   | |  2.4
Dodging        | |  2.6
Stealth        | |  1.5

Action                   |  1- 3 |  4- 6 |  7- 9 || total
-------------------------+-------+-------+-------++-------
Melee: Short sword       |   199 |   244 |       ||   443
       Glaive            |       |    64 |    12 ||    76
 Cast: Corpse Rot        |     6 |     2 |       ||     8
       Vampiric Draining |       |    15 |     4 ||    19
  Use: Scroll            |     4 |     2 |       ||     6
 Stab: Distracted        |     1 |       |       ||     1
       Sleeping          |     2 |     7 |       ||     9
Armor: Ring mail         |     9 |       |       ||     9
       Robe              |    46 |    68 |     2 ||   116
       Leather armour    |     1 |       |       ||     1
Dodge: Dodged            |   199 |   222 |     5 ||   426

Table legend:
 A = Non-vault XP
 B = Vault XP
 C = Vault XP percentage of total XP
 D = Non-vault monster count
 E = Vault monster count
 F = Vault count percentage of total count
                 A         B        C        D         E       F
            +---------+---------+-------+---------+---------+-------
      Total |     673 |     194 |  22.4 |      98 |       6 |   5.8
            +---------+---------+-------+---------+---------+-------
        D:1 |      46 |       0 |   0.0 |      27 |       0 |   0.0
        D:2 |      63 |       2 |   3.1 |      22 |       1 |   4.3
        D:3 |      76 |       3 |   3.8 |      27 |       1 |   3.6
        D:4 |     325 |     189 |  36.8 |      19 |       4 |  17.4
        D:5 |     163 |       0 |   0.0 |       3 |       0 |   0.0
            +---------+---------+-------+---------+---------+-------
